 Dungeon Crawl Stone Soup version 0.26-a0-818-g75db068ed4 (webtiles) character file.

Game seed: 18145224598702130911

86911 marklar909 the Eclecticist (level 15, -2/107 HPs)
             Began as a Purple Draconian Conjurer on Nov 15, 2020.
             Was the Champion of Vehumet.
             Slain by a faun
             ... wielding a +0 spear
              (18 damage)
             ... on level 1 of the Shoals.
             The game lasted 02:23:27 (33998 turns).

marklar909 the Eclecticist (DrCj)                  Turns: 33998, Time: 02:23:29

Health: -2/107     AC: 18    Str:  9    XL:     15   Next: 42%
Magic:  0/44       EV: 18    Int: 24    God:    Vehumet [******]
Gold:   2158       SH:  9    Dex: 11    Spells: 11/47 levels left

rFire    . . .     SeeInvis .   P - staff of air
rCold    . . .     Faith    .   j - +0 kite shield {rN+}
rNeg     + . .     Spirit   .   (armour unavailable)
rPois    .         Reflect  .   (helmet restricted)
rElec    +         Harm     .   C - +2 cloak
rCorr    .         Rampage  .   K - +2 pair of gloves {archery}
MR       ++...                  x - +2 pair of boots
Stlth    +.........             f - amulet of regeneration
HPRegen  0.67/turn              n - +4 ring of evasion
MPRegen  0.29/turn              A - ring of magical power

@: glowing
A: breathe power, unfitting armour, cold-blooded, AC +9
a: Breathe Dispelling Energy, Renounce Religion


You were on level 1 of the Shoals.
You worshipped Vehumet.
Vehumet was exalted by your worship.
You visited 4 branches of the dungeon, and saw 23 of its levels.
You also visited: Bailey.

You collected 2406 gold pieces.
You spent 248 gold pieces at shops.

Inventory:

Missiles
 d - 28 poisoned darts (quivered)
 X - 2 sling bullets
Armour
 j - a +0 kite shield of positive energy (worn)
 x - a +2 pair of boots (worn)
 C - a +2 cloak (worn)
 K - a +2 pair of gloves of archery (worn)
 T - a +1 buckler of poison resistance
Magical Staves
 P - an uncursed staff of air (weapon)
Jewellery
 f - an amulet of regeneration (around neck)
 n - a +4 ring of evasion (left hand)
 A - a ring of magical power (right hand)
 F - a +4 ring of slaying
 G - an uncursed ring of see invisible
 H - a +6 ring of dexterity
 M - a cursed amulet of inaccuracy {unknown}
 Q - an uncursed ring of poison resistance
Wands
 t - a wand of digging (3)
 y - a wand of flame (12)
 I - a wand of acid (14)
 R - a wand of polymorph (5)
 S - a wand of iceblast (12)
Scrolls
 a - 8 scrolls of remove curse
 b - 11 scrolls of identify
 c - a scroll of enchant armour
 i - 3 scrolls of amnesia
 l - 5 scrolls of teleportation
 o - 8 scrolls of fear
 q - 2 scrolls of magic mapping
 s - 7 scrolls of enchant weapon
 w - 3 scrolls of fog
 U - a scroll of holy word {unknown}
 V - a scroll of blinking
Potions
 e - 3 potions of curing
 g - 2 potions of heal wounds
 h - 3 potions of haste
 k - 4 potions of flight
 m - 2 potions of might
 p - 2 potions of ambrosia
 r - 2 potions of degeneration
 u - 3 potions of mutation
 v - 5 potions of brilliance
 z - 2 potions of cancellation
 B - 5 potions of attraction
 D - a potion of invisibility
 E - 2 potions of resistance
 L - 2 potions of berserk rage
 N - 5 potions of lignification
 O - 2 potions of magic
 W - a potion of experience
Miscellaneous
 J - a lightning rod (4/4)


   Skills:
 + Level 3.1 Fighting
 + Level 1.7 Staves
 + Level 7.3 Dodging
 + Level 5.3 Stealth
 + Level 6.9 Shields
 + Level 1.8 Unarmed Combat
 + Level 16.8 Spellcasting
 + Level 14.3 Conjurations
 + Level 6.2 Hexes
 + Level 1.8 Translocations
 + Level 1.5 Transmutations
 + Level 9.1 Fire Magic
 + Level 6.9 Air Magic
 + Level 0.2 Earth Magic
 + Level 2.4 Poison Magic


You had 11 spell levels left.
You knew the following spells:

 Your Spells              Type           Power        Failure   Level
a - Foxfire               Conj/Fire      ####         1%          1
b - Searing Ray           Conj           ######       1%          2
c - Iskenderun's Mystic   Conj/Tloc      ######..     1%          4
d - Fulminant Prism       Conj/Hex       ######....   1%          4
e - Mephitic Cloud        Conj/Pois/Air  ######..     1%          3
f - Irradiate             Conj/Tmut      ######....   2%          5
g - Starburst             Conj/Fire      ######....   2%          6
h - Lee's Rapid Deconstr  Erth           ###.......   41%         5
i - Conjure Ball Lightni  Conj/Air       #######...   4%          6

Your spell library contained the following spells:

 Spells                   Type           Power        Failure   Level
 Iron Shot                Conj/Erth      ######....   16%         6
 Magic Dart               Conj           ####         0%          1
 Dazzling Flash           Conj/Hex       ######       1%          3
 Tukima's Dance           Hex            ######..     1%          3
 Apportation              Tloc           ####..       3%          1
 Cause Fear               Hex            ######....   5%          4
 Lesser Beckoning         Tloc           ####......   11%         3
 Yara's Violent Unravell  Hex/Tmut       #####.....   11%         5
 Silence                  Hex/Air        ######....   14%         5
 Alistair's Intoxication  Tmut/Pois      ####.....    65%         5
 Invisibility             Hex            ######..     65%         6
 Discord                  Hex            ######....   100%        8


Dungeon Overview and Level Annotations

Branches:
Dungeon (14/15)            Temple (0/1) D:7            Lair (6/6) D:8
 Shoals (1/4) Lair:3        Snake (0/4) Lair:2        Slime (0/5) Lair:6
    Orc (2/2) D:12            Elf (0/3) Orc:2        Vaults (0/5) D:13
 Bailey (visited)

Altars:
Cheibriados
Elyvilon
Hepliaklqana
Ru
Uskayaw
Vehumet
Wu Jian
Zin
The Shining One
Beogh

Shops:
D:6 *   D:7 }   D:10 *   Orc:1 *   Orc:2 *[?!

Annotations:
D:3 2 transporters, captainn64's ghost, amateur DEAE
D:10 2 runed translucent doors, ardl's ghost, novice DEVM
Lair:6 2 runed translucent doors
Shoals:1 Roxanne


Innate Abilities, Weirdness & Mutations

You can breathe bolts of dispelling energy.
Your rich purple scales are hard. (AC +9)
You cannot fit into any form of body armour.
You are cold-blooded and may be slowed by cold attacks.


Message History

The searing ray misses the faun. (Press . to maintain the ray.)
The faun gestures at you while chanting.
You are outlined in light.
You barely miss the faun. You tail-slap the faun.
The faun is severely wounded.
The faun closely misses you. The faun barely misses you.
Unknown command.
Casting: Searing Ray (safe; 1% risk of failure)
Confirm with . or Enter, or press ? or * to list all spells.
You conjure some foxfire!
The faun closely misses you.
Unknown command.
You closely miss the faun.
The faun is severely wounded.
The foxfire hits the faun!
The faun is almost dead.
The foxfire hits the faun.
The faun is almost dead.
The faun hits you with a +0 spear!!
You die...

≈... ≈≈≈≈≈≈≈ .....
≈≈≈≈≈≈≈ .....
≈≈≈≈≈≈≈ ≈.....
.!≈≈≈≈≈ ≈≈≈...#
...≈≈≈≈
..≈≈...####...≈≈≈≈
≈≈≈≈≈≈...()≈..≈≈≈≈
≈≈≈≈..≈..§§.≈≈≈≈≈≈
≈≈≈≈≈...≈@..≈≈≈≈≈≈
≈..≈≈)...c).≈≈≈≈≈≈
......###...≈≈≈≈≈≈
≈≈≈≈.. ##..≈≈≈≈≈≈
≈≈≈≈.( ..≈≈≈≈≈≈≈
≈..≈≈. ≈≈≈≈≈≈≈≈≈
≈≈≈≈≈≈≈ ≈≈≈≈≈≈≈


You could see a faun.

Vanquished Creatures
  The ghost of Wairalebb the Basher, a journeyman BaFi of Cheibriados (Lair:3)
  A stone giant (Orc:1)
  An ettin (Orc:1)
  Erolcha (D:11)
  An ice dragon (Lair:4)
  7 hydras
  Erica (Lair:1)
  6 centaur warriors
  5 two-headed ogres
  7 orc high priests
  A fire crab (Lair:6)
  2 unseen horrors
  9 orc knights
  A deep elf mage (D:12)
  4 cyclopes
  5 ugly things
  5 fauns (Shoals:1)
  2 manticores
  6 black mambas
  A merfolk siren (Shoals:1)
  10 elephants
  2 molten gargoyles (Lair:6)
  10 cane toads
  Maggie (Lair:2)
  2 kobold demonologists (D:13)
  4 rime drakes
  22 komodo dragons
  An efreet (D:13)
  A meliai (shapeshifter) (D:14)
  3 meliai (D:13)
  A hornet (D:11)
  4 merfolk
  4 trolls
  A tengu conjurer (D:14)
  15 blink frogs
  4 slime creatures (D:13)
  A shadow (D:13)
  7 wyverns
  59 yaks
  2 vampires (D:13)
  A water elemental (Shoals:1)
  A wraith (D:14)
  A redback simulacrum (D:14)
  6 basilisks
  2 steam dragons
  4 vampire mosquitoes (D:14)
  4 soldier ants (D:8)
  9 wargs
  5 hydra simulacra (Lair:4)
  5 hell hounds (Lair:6)
  8 water moccasins
  Purgy (D:3)
  42 orc warriors
  2 ice beasts
  5 sky beasts
  A black bear (D:12)
  A phantom (D:5)
  A necrophage (D:13)
  11 ogres
  18 wolves
  12 centaurs
  5 big kobolds
  20 bullfrogs
  A gnoll sergeant (D:10)
  A wyvern skeleton (D:9)
  3 scorpions
  17 wights
  13 killer bees
  A rime drake simulacrum (Lair:4)
  8 electric eels
  5 lava snakes (Lair:6)
  2 centaur zombies
  A bullfrog zombie (D:12)
  7 jellies
  2 quasits
  A bullfrog skeleton (D:10)
  5 hounds
  A gnoll shaman (D:5)
  39 orc priests
  2 centaur skeletons
  5 iguanas
  35 orc wizards
  19 worker ants
  A hound zombie (D:7)
  Robin (D:2)
  A worker ant zombie (D:8)
  8 gnolls
  A howler monkey skeleton (D:10)
  12 adders
  3 shadow imps
  An ufetubus (D:10)
  2 oozes
  An adder zombie (D:5)
  5 dart slugs
  7 leopard geckos
  146 orcs
  2 giant cockroaches
  13 goblins
  12 hobgoblins
  14 jackals
  26 kobolds
  A quokka (D:4)
  3 ball pythons
  15 bats
  7 frilled lizards
  6 rats
  A butterfly (Lair:1)
  2 fulminant prisms (Lair:2)
845 creatures vanquished.

Vanquished Creatures (collateral kills)
  24 ball lightnings
  9 foxfires
33 creatures vanquished.

Vanquished Creatures (others)
  378 ball lightnings
  732 foxfires
  112 fulminant prisms
  33 fungi
  54 plants
1309 creatures vanquished.

Grand Total: 2187 creatures vanquished

Notes
Turn   | Place    | Note
-------+----------+-------------------------------------------
     0 | D:1      | marklar909 the Draconian Conjurer began the quest for the
                  | Orb.
     0 | D:1      | Reached XP level 1. HP: 14/14 MP: 3/3
   213 | D:1      | Reached XP level 2. HP: 15/20 MP: 0/5
   955 | D:1      | Reached XP level 3. HP: 22/26 MP: 1/6
  1254 | D:1      | Learned a level 2 spell: Searing Ray
  1357 | D:2      | Reached skill level 5 in Conjurations
  1357 | D:2      | Reached XP level 4. HP: 14/33 MP: 0/7
  1754 | D:2      | Noticed Robin
  1761 | D:2      | Killed Robin
  1990 | D:1      | Learned a level 4 spell: Iskenderun's Mystic Blast
  2181 | D:2      | Reached skill level 3 in Spellcasting
  2527 | D:2      | Reached XP level 5. HP: 26/38 MP: 0/9
  2707 | D:2      | Found a hazy altar of Hepliaklqana.
  2707 | D:2      | Found a radiant altar of Vehumet.
  2707 | D:2      | Found a sacrificial altar of Ru.
  2833 | D:2      | Became a worshipper of Vehumet
  3412 | D:3      | Noticed Purgy
  3420 | D:3      | Killed Purgy
  3421 | D:3      | Reached XP level 6. HP: 37/46 MP: 2/11
  3753 | D:3      | Found a glowing golden altar of the Shining One.
  3781 | D:3      | Found a transporter.
  3823 | D:3      | Reached skill level 1 in Fighting
  3934 | D:3      | Found a transporter.
  3938 | D:3      | Noticed captainn64's ghost (amateur DEAE)
  4032 | D:3      | Reached skill level 1 in Unarmed Combat
  4408 | D:4      | Reached * piety under Vehumet
  4408 | D:4      | Offered knowledge of Shock by Vehumet.
  4670 | D:4      | Reached skill level 4 in Spellcasting
  5005 | D:4      | Your scales start taking on a rich purple colour.
  5005 | D:4      | Reached XP level 7. HP: 52/52 MP: 9/14
  5194 | D:4      | Reached skill level 5 in Spellcasting
  5492 | D:5      | Entered Level 5 of the Dungeon
  6261 | D:5      | Reached skill level 1 in Shields
  6342 | D:5      | Reached skill level 6 in Spellcasting
  6342 | D:5      | Reached XP level 8. HP: 40/61 MP: 7/17
  6515 | D:6      | Found a glowing silver altar of Zin.
  6528 | D:6      | Offered knowledge of Foxfire by Vehumet.
  6620 | D:6      | Reached ** piety under Vehumet
  6887 | D:6      | Reached skill level 7 in Spellcasting
  6943 | D:6      | Found Jovoag's Assorted Antiques.
  6949 | D:6      | Bought a scroll labelled JIXIUCH ROJIA for 23 gold pieces
  6949 | D:6      | Bought a scroll labelled NAGHOH BIENUHE for 23 gold pieces
  7309 | D:6      | Found an ornate altar of the Wu Jian Council.
  7793 | D:7      | Found a staircase to the Ecumenical Temple.
  7810 | D:7      | Learned a level 1 spell: Foxfire
  8090 | D:7      | Reached XP level 9. HP: 56/67 MP: 13/20
  8234 | D:7      | Found Cusykh's Gadget Shop.
  8280 | D:7      | Learned a level 4 spell: Fulminant Prism
  8317 | D:7      | Offered knowledge of Mephitic Cloud by Vehumet.
  8705 | D:7      | Learned a level 3 spell: Mephitic Cloud
  8719 | D:8      | Reached *** piety under Vehumet
  9039 | D:8      | Reached skill level 8 in Spellcasting
  9165 | D:8      | Reached skill level 1 in Fire Magic
  9431 | D:8      | Offered knowledge of Conjure Flame by Vehumet.
  9433 | D:8      | Reached skill level 1 in Hexes
  9633 | D:8      | Found a staircase to the Lair.
  9915 | D:8      | Noticed a queen ant
 10303 | D:8      | Reached **** piety under Vehumet
 10304 | D:8      | Reached skill level 9 in Spellcasting
 10693 | D:8      | Reached skill level 1 in Poison Magic
 11321 | D:9      | Reached skill level 1 in Air Magic
 11339 | D:9      | Offered knowledge of Irradiate by Vehumet.
 11636 | D:9      | Found a flagged portal.
 11654 | D:9      | Reached XP level 10. HP: 73/73 MP: 18/23
 11725 | Bailey   | Entered a bailey
 12168 | Bailey   | Noticed an orc knight
 12168 | Bailey   | Noticed an orc knight
 12197 | Bailey   | Killed an orc knight
 12227 | Bailey   | Killed an orc knight
 12228 | Bailey   | Reached skill level 10 in Spellcasting
 12487 | Bailey   | Learned a level 5 spell: Irradiate
 13751 | D:10     | Entered Level 10 of the Dungeon
 14078 | D:10     | Found Oqawet's Assorted Antiques.
 14190 | D:10     | Found a large runed translucent door.
 14190 | D:10     | Found a large runed translucent door.
 14356 | D:10     | Noticed ardl's ghost (novice DEVM)
 14567 | D:11     | Reached ***** piety under Vehumet
 14922 | D:11     | Offered knowledge of Starburst by Vehumet.
 14930 | D:11     | Learned a level 6 spell: Starburst
 14977 | D:11     | Found a hide-covered altar of Uskayaw.
 14992 | D:11     | Noticed a two-headed ogre
 15009 | D:11     | Killed a two-headed ogre
 15010 | D:11     | Reached skill level 5 in Fire Magic
 15012 | D:11     | Reached skill level 11 in Spellcasting
 15247 | D:11     | Reached skill level 10 in Conjurations
 15259 | D:11     | Reached XP level 11. HP: 80/80 MP: 26/26
 15492 | D:11     | Noticed Erolcha
 15506 | D:11     | Killed Erolcha
 15794 | Lair:1   | Entered Level 1 of the Lair of Beasts
 16093 | Lair:1   | Reached skill level 5 in Stealth
 16186 | Lair:1   | Reached skill level 1 in Translocations
 16393 | Lair:1   | Noticed Erica
 16404 | Lair:1   | Killed Erica
 16405 | Lair:1   | Reached skill level 5 in Dodging
 16405 | Lair:1   | Reached skill level 12 in Spellcasting
 16832 | Lair:2   | Noticed Maggie
 16841 | Lair:2   | Killed Maggie
 16991 | Lair:2   | Reached XP level 12. HP: 83/88 MP: 13/28
 17499 | Lair:2   | Found a staircase to the Snake Pit.
 17600 | Lair:2   | Reached skill level 13 in Spellcasting
 17844 | Lair:2   | Noticed an eight-headed hydra
 17858 | Lair:2   | Killed an eight-headed hydra
 17953 | Lair:2   | Reached skill level 5 in Shields
 18179 | Lair:2   | Noticed a fire dragon
 18709 | Lair:3   | Offered knowledge of Lee's Rapid Deconstruction by Vehumet.
 18716 | Lair:3   | Learned a level 5 spell: Lee's Rapid Deconstruction
 19001 | Lair:3   | Reached skill level 5 in Hexes
 19795 | Lair:3   | Found a staircase to the Shoals.
 20230 | Lair:4   | Noticed a six-headed hydra
 20237 | Lair:4   | Killed a six-headed hydra
 20442 | Lair:4   | Found a runed translucent gate.
 20442 | Lair:4   | Found a runed translucent gate.
 20443 | Lair:4   | Found a runed translucent gate.
 20534 | Lair:4   | Noticed Wairalebb's ghost (journeyman BaFi)
 20536 | Lair:4   | Noticed an ice dragon
 20657 | Lair:4   | Reached XP level 13. HP: 76/93 MP: 19/30
 21229 | Lair:4   | Reached skill level 14 in Spellcasting
 22672 | Lair:6   | Entered Level 6 of the Lair of Beasts
 23203 | Lair:6   | Offered knowledge of Conjure Ball Lightning by Vehumet.
 23226 | Lair:6   | Learned a level 6 spell: Conjure Ball Lightning
 23317 | Lair:6   | Found a staircase to the Slime Pits.
 24193 | Lair:6   | Reached XP level 14. HP: 77/102 MP: 30/32
 24470 | Lair:6   | Reached skill level 15 in Spellcasting
 24805 | Lair:6   | Found a large runed translucent door.
 24806 | Lair:6   | Found a large runed translucent door.
 25218 | Lair:3   | Killed Wairalebb's ghost
 25219 | Lair:3   | Reached skill level 1 in Transmutations
 26682 | D:12     | Found a staircase to the Orcish Mines.
 26686 | D:12     | Offered knowledge of Bolt of Magma by Vehumet.
 26938 | Orc:1    | Entered Level 1 of the Orcish Mines
 26938 | Orc:1    | Found a roughly hewn altar of Beogh.
 28015 | Orc:1    | Noticed a stone giant
 28033 | Orc:1    | Killed a stone giant
 28355 | Orc:1    | Found Apnips's Assorted Antiques.
 28476 | Orc:1    | Found a roughly hewn altar of Beogh.
 28546 | Orc:2    | Entered Level 2 of the Orcish Mines
 29122 | Orc:2    | Found a staircase to the Elven Halls.
 29443 | Orc:2    | Reached ****** piety under Vehumet
 29449 | Orc:2    | Reached skill level 5 in Air Magic
 29846 | Orc:2    | Reached skill level 16 in Spellcasting
 30456 | Orc:2    | Offered knowledge of Lightning Bolt by Vehumet.
 30616 | Orc:2    | Found Miof's General Store.
 30619 | Orc:2    | Found Ymmas's Magic Scroll Shoppe.
 30620 | Orc:2    | Found Ydod Xex's Distillery.
 30621 | Orc:2    | Found Vuphuqi's Armour Emporium.
 30629 | Orc:2    | Bought a +1 buckler of poison resistance for 202 gold
                  | pieces
 30802 | D:13     | Found a snail-covered altar of Cheibriados.
 31401 | D:13     | Reached XP level 15. HP: 105/107 MP: 35/35
 31495 | D:13     | Reached skill level 1 in Staves
 31750 | D:13     | Found a gate to the Vaults.
 32021 | D:13     | Offered knowledge of Iron Shot by Vehumet.
 32137 | D:13     | You fall into a shaft and drop 1 floor!
 32279 | D:14     | Found a white marble altar of Elyvilon.
 33936 | Shoals:1 | Entered Level 1 of the Shoals
 33943 | Shoals:1 | Identified Roxanne's Collected Works on Shape Shifting
 33943 | Shoals:1 | Noticed Roxanne
 33998 | Shoals:1 | Slain by a faun

Illustrated notes

Levels and vault maps discovered:
D:1:      giann_bridges, layout_basic, hangedman_abyss_or_decor_stabs
D:2:      layout_loops_cross, gammafunk_temple_overflow_forgotten,
          kennysheep_cross_room, uniq_robin
D:3:      minmay_wonky_spiral, layout_basic, gammafunk_ghost_arena,
          tso_metal_star, uniq_purgy
D:4:      layout_loops_ring
D:5:      layout_basic, serial_park_tiny_pond
D:6:      layout_rooms, lemuel_doored_altar, basic_altar, serial_shops, shop
D:7:      layout_basic, minmay_temple_entry_mist, serial_shops, shop,
          abandoned_shop, wad_floor_pattern_1
D:8:      layout_cave_pods, dpeg_oklobed_lair, minmay_another_anthill
D:9:      layout_rooms, enter_bailey_2
D:10:     layout_roguey, serial_shops, shop, ebering_ghost_disaster_area
D:11:     layout_loops_ring, basic_altar, eino_jars, uniq_erolcha
D:12:     layout_long_grid, david_orc_1_choice
D:13:     layout_basic, david_vaults_1, cheibriados_altar_1
D:14:     layout_irregular_city, chequers_serial_rivers_room_b, basic_altar,
          hangedman_decor_points, lemuel_flamethrower_2
Lair:1:   layout_hall_layers, lemuel_fruit_fields, lemuel_fruit_fields,
          uniq_erica
Lair:2:   dragon1_lemuel, layout_regular_city, dummy_snake_entry, serial_bayou,
          serial_bayou_shore_b, serial_bayou_shore_a, serial_bayou_pond_b,
          serial_bayou_lake_a, serial_bayou_pond_e, serial_bayou_pond_b,
          lemuel_fruit_fields, uniq_maggie
Lair:3:   layout_long_grid, elwin_shoals_entry_rooms, grunt_megastairs_3
Lair:4:   layout_regular_city, gammafunk_ghost_icy, lemuel_fruit_tree
Lair:5:   layout_cave_shapes, chequers_serial_rivers_large_a
Lair:6:   cheibrodos_lair_end_hotspot, layout_cave_shapes,
          nicolae_slime_entry_slimehenge, roderic_batcave, st_stairs_10
Shoals:1: layout_shoals, uniq_roxanne
Orc:1:    layout_diamond_mine, basic_altar, serial_shops,
          nicolae_shop_overgrown_old_shop, bh_open_orc_temple
Orc:2:    st_orc_pillars, layout_diamond_mine, nooodl_orcs_dogs

Skill      XL: |  1  2  3  4  5  6  7  8  9 10 11 12 13 14 15 |
---------------+----------------------------------------------+-----
Stealth        | 2 3 4 5 |  5.3
Conjurations   | 5 6 8 9 10 11 12 13 14 | 14.3
Spellcasting   | 3 4 6 7 9 11 12 13 14 16 | 16.8
Dodging        | 2 3 4 5 6 7 |  7.3
Fighting       | 1 2 3 |  3.1
Unarmed Combat | 1 |  1.8
Shields        | 1 2 3 4 5 6 |  6.9
Fire Magic     | 2 5 6 8 9 |  9.1
Hexes          | 1 4 5 6 |  6.2
Poison Magic   | 1 2 |  2.4
Air Magic      | 1 2 6 |  6.9
Translocations | 1 |  1.8
Transmutations | 1 |  1.5
Staves         | 1 |  1.7
Earth Magic    | |  0.2

Action                   |  1- 3 |  4- 6 |  7- 9 | 10-12 | 13-15 || total
-------------------------+-------+-------+-------+-------+-------++-------
Melee: Unarmed           |     4 |     7 |     4 |    23 |    14 ||    52
       Tailslap          |       |       |       |     1 |     5 ||     6
       Staff             |       |       |       |       |    41 ||    41
 Cast: Magic Dart        |    48 |    15 |     3 |       |       ||    66
       Searing Ray       |     4 |    49 |    85 |    92 |    69 ||   299
       Foxfire           |       |       |   180 |   189 |    73 ||   442
       Mephitic Cloud    |       |       |    16 |     6 |     2 ||    24
       Fulminant Prism   |       |       |     4 |    84 |    26 ||   114
       Iskenderun's Myst |       |       |     4 |    11 |       ||    15
       Irradiate         |       |       |       |     3 |    19 ||    22
       Starburst         |       |       |       |    16 |    97 ||   113
       Conjure Ball Ligh |       |       |       |       |   182 ||   182
       Lee's Rapid Decon |       |       |       |       |     3 ||     3
 Abil: Breathe Dispellin |       |       |     1 |       |     1 ||     2
  Use: Scroll            |       |       |     4 |    14 |    16 ||    34
       Potion            |       |       |     1 |     1 |     7 ||     9
 Stab: Confused          |       |       |     1 |       |       ||     1
Armor: Skin              |     4 |    15 |    19 |    39 |    82 ||   159
Dodge: Dodged            |    12 |    25 |    59 |   128 |   210 ||   434
Block: Kite shield       |       |    19 |    34 |    72 |   167 ||   292

Table legend: (Time is in decaauts)
 A = Elapsed time spent in this place.
 B = Non-inter-level travel time spent in this place.
 C = Inter-level travel time spent in this place.
 D = Time resting spent in this place.
 E = Time spent auto-exploring this place.
 F = Levels seen in this place.
 G = Mean time per level.
                   A        B        C        D        E       F      G
               +--------+--------+--------+--------+--------+-----+--------+
         Total |  34129 |  32113 |   2016 |   4283 |  21808 |  24 | 1422.0 |
       Dungeon |  19894 |  18528 |   1366 |   2614 |  12700 |  14 | 1421.0 |
          Lair |  10018 |   9429 |    589 |   1399 |   6526 |   6 | 1669.7 |
        Shoals |     63 |     63 |      0 |      0 |      0 |   1 |   63.0 |
  Orcish Mines |   3391 |   3331 |     60 |    270 |   2030 |   2 | 1695.5 |
        Bailey |    762 |    762 |      0 |      0 |    552 |   1 |  762.0 |
               +--------+--------+--------+--------+--------+-----+--------+

Top non-repeatable levels by time:
     D:8: 2988 daAuts
  Lair:6: 2198 daAuts
   Orc:2: 2120 daAuts
  Lair:3: 2052 daAuts
    D:13: 1766 daAuts
  Lair:4: 1730 daAuts
     D:2: 1618 daAuts
    D:12: 1604 daAuts
  Lair:1: 1576 daAuts
  Lair:2: 1433 daAuts
     D:1: 1399 daAuts
     D:3: 1394 daAuts
     D:5: 1362 daAuts
     D:7: 1289 daAuts
   Orc:1: 1270 daAuts
